 Dungeon Crawl Stone Soup version 0.30.1-11-g7821555f0a (webtiles) character file.

Game seed: 14980154274001262713

2716 Gladio the Carver (level 9, -1/64 HPs)
             Began as an Octopode Fighter on Oct 30, 2023.
             Was an Initiate of Gozag.
             Slain by an orc
             ... wielding a +0 trident
              (5 damage)
             ... on level 8 of the Dungeon.
             The game lasted 00:14:15 (7555 turns).

Gladio the Carver (Octopode Fighter)                Turns: 7555, Time: 00:14:20

Health: -1/64      AC:  1    Str: 14 (15) XL:     9   Next: 66%
Magic:  9/9        EV: 16    Int: 11      God:    Gozag
Gold:   376        SH:  0    Dex: 15      Spells: 8/8 levels left

rFire   + . .        a - +0 long sword
rCold   . . .        b - +0 buckler
rNeg    . . .        (helmet restricted)
rPois   .            (no amulet)
rElec   .            u - ring of protection from fire
rCorr   +            x - ring of resist corrosion
SInv    .            (no ring)
Will    .....        (no ring)
Stlth   ++           (no ring)
HPRegen 0.30/turn    (no ring)
MPRegen 0.11/turn    (no ring)
                     (no ring)

%: no passive effects
@: confused, mighty, gold aura, invisible
A: almost no armour, amphibious, 8 rings, camouflage 1, gelatinous body 1,
(nimble swimmer 1), tentacles
a: Renounce Religion, Potion Petition, Call Merchant, Bribe Branch


You were on level 8 of the Dungeon.
You worshipped Gozag.
Gozag was aware of your devotion.
You visited 2 branches of the dungeon, and saw 9 of its levels.
You also visited: Sewer.

You collected 518 gold pieces.
You paid 142 gold pieces to Gozag.

Inventory:

Hand Weapons
 a - a +0 long sword (weapon)
Missiles
 g - 4 poisoned darts
 k - 4 boomerangs of dispersal
 p - 3 javelins (quivered)
Armour
 b - a +0 buckler (worn)
Jewellery
 i - a ring of fire
 q - a +6 ring of intelligence
 u - a ring of protection from fire (left tentacle)
 x - a ring of resist corrosion (right tentacle)
Wands
 e - a wand of mindburst (19)
 A - a wand of flame (14)
 E - a wand of polymorph (8)
Scrolls
 d - 2 scrolls of teleportation
 m - 4 scrolls of enchant armour
 n - a scroll of amnesia {unknown}
 o - a scroll of brand weapon {unknown}
 r - a scroll of torment {unknown}
 s - a scroll of enchant weapon {unknown}
 t - a scroll of blinking
 v - a scroll of fog
 y - 2 scrolls of fear {unknown}
 B - a scroll of immolation {unknown}
 D - a scroll of poison {unknown}
 F - a scroll of noise {unknown}
Potions
 f - 4 potions of mutation
 h - 4 potions of cancellation
 j - a potion of magic
 l - a potion of curing
 w - a potion of invisibility
 z - a potion of attraction


   Skills:
 + Level 7.1 Fighting
 * Level 9.4 Long Blades
 + Level 7.1 Dodging
 - Level 3.0 Shields


You had 8 spell levels left.
You didn't know any spells.
Your spell library contained the following spells:

 Spells                   Type           Power      Damage    Failure   Level
 Magic Dart               Conj           0%         1d3       43%         1
 Call Imp                 Summ           0%         N/A       56%         2
 Cigotuvi's Dreadful Rot  Necr/Pois/Air  0%         N/A       56%         2
 Call Canine Familiar     Summ           0%         N/A       80%         3
 Ignite Poison            Fire/Tmut/Pois 0%         N/A       80%         3
 Mephitic Cloud           Conj/Pois/Air  0%         N/A       80%         3
 Portal Projectile        Hex/Tloc       0%         N/A       80%         3
 Tukima's Dance           Hex            0%         N/A       80%         3
 Leda's Liquefaction      Hex/Erth       0%         N/A       99%         4
 Passage of Golubria      Tloc           0%         N/A       99%         4
 Freezing Cloud           Conj/Ice/Air   0%         6-21      100%        5
 Yara's Violent Unravell  Hex/Tmut       0%         3d3       100%        5


Dungeon Overview and Level Annotations

Branches:
Dungeon (8/15)             Temple (1/1) D:7           Sewer (visited)
   Lair: D:8-11

Altars:
Ashenzari
Cheibriados
Dithmenos
Elyvilon
Fedhas
Gozag
Hepliaklqana
Kikubaaqudgha
Makhleb
Nemelex Xobeh
Okawaru
Qazlal
Ru
Sif Muna
Trog
Uskayaw
Vehumet
Wu Jian
Xom
Yredelemnul
Zin
The Shining One

Shops:
D:4 =   D:7 :

Annotations:
D:2 1 runed translucent door, Crazy Yiuf
D:6 1 runed translucent door


Innate Abilities, Weirdness & Mutations

You cannot wear most types of armour.
You are amphibious.
You can wear up to eight rings at the same time.
Your skin changes colour to match your surroundings (Stealth+).
Your rubbery body absorbs attacks. (AC +1, EV +1)
((You are camouflaged when in or above water. (Stealth+)))
You have tentacles for arms and can constrict up to eight enemies at once.


Message History

Unknown command.
You feel very mighty all of a sudden.
The orc warrior hits you with a +0 war axe!
Unknown command.
You slash the orc warrior! Your grab misses the orc warrior.
The orc warrior is moderately wounded.
The orc warrior barely misses you.
You closely miss the orc warrior. You grab the orc warrior.
You squeeze the orc warrior!
The orc warrior is severely wounded.
You constrict the orc warrior.
The orc priest mumbles some strange prayers to Beogh against you.
Beogh smites you!
The orc warrior hits you with a +0 war axe!!
You fade into invisibility!
You constrict the orc warrior, but do no damage.
You block the orc warrior's attack.
Unknown command.
You slash the orc warrior!
You kill the orc warrior!
The orc priest calls down the wrath of Beogh upon something.
Something writhes in agony!
Unknown command.
You miss something.
You hear a shout!
You slash the orc!
You kill the orc!
Something hits you. You block the orc's attack.
The orc priest mumbles some strange prayers to Beogh against you.
Beogh smites you!
* * * LOW HITPOINT WARNING * * *
Items here: $ ))) [.
You barely miss the orc priest. You grab the orc priest.
You constrict the orc priest.
You hear some strange, mumbled words.
You are confused.
The orc priest misses you.
The orc hits you from afar with a +0 trident.
You die...
Your body crumbles into a pile of gold.

###### #....# #####
#....# ......
####....#########......
.
............@o.........
...........####{#$#.....
#....###.....##...o.#
...
#...[........##.....# .
#.................#.#
#....###..######..#.#
#........# ...#.#
#....##.# .#o.#.#
##....#.# ##.#. #..


You could see an orc priest (unable to see you) and an orc (unable to see you).

Vanquished Creatures
  Grinder (D:5)
  An ice beast (D:7)
  A sky beast (D:6)
  An orc warrior (D:8)
  3 ogres
  2 centaurs
  A phantom (D:4)
  6 bullfrogs
  A scorpion (D:7)
  3 wights (D:7)
  3 howler monkeys
  5 hounds
  4 orc priests
  2 sleepcaps
  Terence (D:2)
  8 iguanas
  8 orc wizards
  11 adders
  2 white imps (D:6)
  3 ufetubi
  2 worms
  3 dart slugs
  24 orcs
  4 endoplasms
  16 giant cockroaches
  11 goblins
  7 hobgoblins
  3 jackals (D:1)
  16 quokkas
  13 ball pythons
  6 bats
  7 frilled lizards
  A jackal skeleton (D:6)
  A jackal zombie (D:6)
  8 kobolds
  A kobold zombie (D:6)
  2 quokka zombies (D:6)
  6 rats
198 creatures vanquished.

Notes
Turn   | Place    | Note
-------+----------+-------------------------------------------
     0 | D:1      | Gladio the Octopode Fighter began the quest for the Orb.
     0 | D:1      | Reached XP level 1. HP: 16/16 MP: 1/1
   110 | D:1      | Reached XP level 2. HP: 7/21 MP: 2/2
   293 | D:1      | Reached XP level 3. HP: 23/26 MP: 3/3
   502 | D:1      | You fall into a shaft and drop 1 floor!
   749 | D:1      | Reached skill level 3 in Long Blades
  1091 | D:2      | Reached XP level 4. HP: 31/31 MP: 4/4
  1264 | D:2      | Found a runed translucent door.
  1265 | D:2      | Noticed Crazy Yiuf
  1404 | D:2      | Noticed Terence
  1409 | D:2      | Killed Terence
  1999 | D:3      | Reached XP level 5. HP: 37/37 MP: 5/5
  2130 | D:3      | Reached skill level 4 in Long Blades
  2284 | D:4      | Reached XP level 6. HP: 43/43 MP: 6/6
  2575 | D:4      | Found an ornate altar of the Wu Jian Council.
  2581 | D:4      | Reached skill level 5 in Long Blades
  2660 | D:4      | Found Mamual's Jewellery Shop.
  2671 | D:4      | Reached XP level 7. HP: 41/49 MP: 7/7
  2898 | D:4      | Found a hide-covered altar of Uskayaw.
  3132 | D:5      | Entered Level 5 of the Dungeon
  3152 | D:5      | Found a glowing drain.
  3177 | Sewer    | Entered a sewer
  3627 | D:5      | Noticed Grinder
  3629 | D:5      | HP: 2/49 [centaur/arrow (10)]
  3692 | D:5      | Reached skill level 6 in Long Blades
  3823 | D:5      | Reached skill level 5 in Fighting
  3823 | D:5      | Reached skill level 5 in Dodging
  4102 | D:5      | Killed Grinder
  4103 | D:5      | Reached XP level 8. HP: 20/56 MP: 8/8
  4371 | D:5      | Found a shimmering altar of Xom.
  4508 | D:5      | Reached skill level 7 in Long Blades
  4899 | D:6      | Found a broken altar of Ashenzari.
  5102 | D:6      | Identified the +2 leather armour of Fallacy {Int+3}
  5113 | D:6      | Reached skill level 8 in Long Blades
  5157 | D:6      | Found an iron altar of Okawaru.
  5218 | D:6      | Reached XP level 9. HP: 61/62 MP: 9/9
  5528 | D:6      | Found a runed translucent door.
  5533 | D:6      | Found a basalt altar of Yredelemnul.
  6649 | D:7      | Found a staircase to the Ecumenical Temple.
  6659 | Temple   | Entered the Ecumenical Temple
  6771 | Temple   | Became a worshipper of Gozag Ym Sagoz the Greedy
  6946 | D:7      | Reached skill level 9 in Long Blades
  7251 | D:7      | Found Moetoq's Book Emporium.
  7555 | D:8      | Slain by an orc

Illustrated notes

Levels and vault maps discovered:
D:1:      noname_arrival_rooms_in_the_neighbourhood, layout_basic
D:2:      layout_basic, kennysheep_nub, st_stairs_8, minmay_heptomino_d4,
          uniq_crazy_yiuf_cottage, uniq_terence
D:3:      layout_rooms, serial_curves, eino_curves_03, eino_curves_02
D:4:      minmay_recursive_quarters, layout_basic, mainiacjoe_overflow_alcove_2,
          nicolae_wu_jian_wuxing_cycle, serial_shops, shop
D:5:      layout_basic, mainiacjoe_overflow_alcove_1, portal_sewer_entry_d,
          uniq_grinder
D:6:      layout_loops_ring, dk_yredelemnul_ordeal, amcnicky_altar_gilded,
          enter_ossuary_4, minmay_ruined_shrine
D:7:      layout_basic, minmay_temple_entry_trees, serial_shops,
          kennysheep_mini_moat
D:8:      layout_basic, moated_statue, st_stairs_12
Temple:   minmay_temple_bridge_d

Skill      XL: |  1  2  3  4  5  6  7  8  9 |
---------------+----------------------------+-----
Long Blades    | 3 4 5 6 8 9 |  9.4
Fighting       | 4 5 6 7 |  7.1
Dodging        | 4 5 6 7 |  7.1
Shields        | |  3.0

Action                     |  1- 3 |  4- 6 |  7- 9 || total
---------------------------+-------+-------+-------++-------
  Melee: Long sword        |    65 |   104 |   296 ||   465
         Constrict         |    21 |    26 |    63 ||   110
         Tentacles         |    12 |    21 |    66 ||    99
         Punch             |       |     1 |     4 ||     5
  Throw: Javelin           |       |     2 |     6 ||     8
         Boomerang         |       |       |     1 ||     1
    Use: Scroll            |       |       |    10 ||    10
         Potion            |       |       |    10 ||    10
   Stab: Sleeping          |     7 |     6 |     7 ||    20
         Invisible         |       |       |     2 ||     2
         Distracted        |       |       |     1 ||     1
 Armour: Skin              |     6 |     5 |    29 ||    40
  Dodge: Dodged            |    39 |    58 |   154 ||   251
  Block: Buckler           |    12 |    21 |    45 ||    78
